 Dungeon Crawl Stone Soup version 0.17.0-56-gd8de76c (console) character file.

63 Kloppie the Gusty (level 3, -2/21 HPs)
             Began as a High Elf Air Elementalist on Dec 6, 2015.
             Slain by Grinder (6 damage)
             ... while paralysed by Grinder
             ... on level 3 of the Dungeon.
             The game lasted 00:04:46 (2345 turns).

Kloppie the Gusty (High Elf Air Elementalist)       Turns: 2345, Time: 00:04:46

Health: -2/21      AC:  9    Str:  7    XL:     3   Next: 87%
Magic:  2/8        EV:  2    Int: 19    God:
Gold:   149        SH:  0    Dex: 16    Spells: 4 memorised, 0 levels left

rFire  . . .     SeeInvis .     g - +1 dagger (protect)
rCold  . . .     Clarity  .     a - +0 robe
rNeg   . . .     SustAt   .     (no shield)
rPois  .         Gourm    .     (no helmet)
rElec  .         Spirit   .     (no cloak)
rCorr  .         Warding  .     e - +1 pair of gloves
rMut   .         Stasis   .     (no boots)
MR     .....                    (no amulet)
Stlth  ++........               (no ring)
                                (no ring)

@: paralysed, very slightly contaminated, not resistant to hostile enchantments,
unstealthy
A: no striking features
a: no special abilities


You were on level 3 of the Dungeon.
You were very hungry.

You visited 1 branch of the dungeon, and saw 3 of its levels.

You collected 149 gold pieces.

Inventory:

Hand Weapons
 d - a +0 spear
 g - a +1 dagger of protection (weapon)
Armour
 a - a +0 robe (worn)
 e - a +1 pair of gloves (worn)
Scrolls
 f - a scroll of remove curse {unknown}
 i - 3 scrolls of teleportation {unknown}
 k - a scroll of noise {unknown}
 l - a scroll of identify {unknown}
 n - a scroll of recharging {unknown}
 o - a scroll of blinking {unknown}
 p - a scroll of amnesia {unknown}
Potions
 h - 3 potions of brilliance {unknown}
 m - 2 potions of curing {unknown}
 q - a potion of mutation {unknown}
Books
 b - a book of Air

   Spells                             Type                      Level
   a - Shock                          Conjuration/Air              1
   b - Swiftness                      Charms/Air                   2
   c - Repel Missiles                 Charms/Air                   2
   d - Static Discharge               Conjuration/Air              3
   e - Lightning Bolt                 Conjuration/Air              5
Comestibles
 c - 2 bread rations
 j - a meat ration


   Skills:
 - Level 2.1 Dodging
 - Level 2.1 Stealth
 + Level 3.4 Spellcasting
 + Level 2.4 Conjurations
 + Level 4.4 Air Magic


You couldn't memorise any spells.
You knew the following spells:

 Your Spells              Type           Power        Failure   Level  Hunger
a - Shock                 Conj/Air       ###.         4%          1    None
b - Swiftness             Chrm/Air       ##......     10%         2    ##.....
c - Repel Missiles        Chrm/Air       ##....       10%         2    ##.....
d - Static Discharge      Conj/Air       ###.....     12%         3    ###....


Dungeon Overview and Level Annotations

Branches:
Dungeon (3/15)

Altars:
Cheibriados

Annotations:
D:3 Grinder, Ijyb


Message History

Press: ? - help, Shift-Dir - straight line The zap hits Ijyb.
Ijyb is heavily wounded.
The zap hits Ijyb.
Ijyb is heavily wounded.
Ijyb hits you with a club. Grinder gestures at you.
You suddenly lose the ability to move!
Ijyb hits you but does no damage. Grinder hits you!
You writhe in agony.
* * * LOW HITPOINT WARNING * * *
Ijyb screams, "I dance on your bones!" Ijyb hits you with a club.
* * * LOW HITPOINT WARNING * * *
Grinder gestures at you.
You shrug off the repeated paralysis!
Ijyb hits you but does no damage. Grinder hits you.
* * * LOW HITPOINT WARNING * * *
You writhe in agony.
You die...

#### ... #
###########.##.###
.....#............
######..#...##.....#.
...........(.)......>
.#......#.#@g#..#.##.
........#.#.5#..#
..........#......5
#......###.##.##.#
#.......##.#.......
#.....#.##.#.....###
#.....#.##.#......
#.....#..#.#...#.#
#.....##.#(....#.#####


You could see Grinder and Ijyb.

Vanquished Creatures
  An adder (D:2)
  An ooze (D:2)
  2 worms
  An orc (D:3)
  A ball python (D:3)
  8 bats
  A giant cockroach (D:2)
  6 hobgoblins
  6 kobolds
  A giant gecko (D:3)
  2 giant newts (D:1)
  4 goblins
  A quokka (D:1)
  11 rats
46 creatures vanquished.

Notes
Turn   | Place    | Note
--------------------------------------------------------------
     0 | D:1      | Kloppie the High Elf Air Elementalist began the quest for the Orb.
     0 | D:1      | Reached XP level 1. HP: 11/11 MP: 4/4
   383 | D:1      | Reached XP level 2. HP: 12/17 MP: 3/6
   767 | D:1      | Reached skill level 4 in Air Magic
  1121 | D:1      | Learned a level 2 spell: Swiftness
  1124 | D:1      | Learned a level 2 spell: Repel Missiles
  1233 | D:2      | Reached XP level 3. HP: 21/21 MP: 4/8
  1285 | D:2      | Learned a level 3 spell: Static Discharge
  2231 | D:3      | Found a snail-covered altar of Cheibriados.
  2336 | D:3      | Noticed Ijyb
  2338 | D:3      | Noticed Grinder
  2341 | D:3      | Paralysed by Grinder for 5 turns
  2345 | D:3      | Slain by Grinder

Action                   || total
-------------------------++-------
Melee: Spear             ||    55
       Dagger            ||    23
 Cast: Shock             ||    41
 Stab: Sleeping          ||     7
  Eat: Chunk             ||     3
